Match 43467985
Unlisted

Match 43467985
End
Construct Barracks
1⁄4-ton 4x4 Truck
Riflemen Squad
Selects Armored Battlegroup
Selects Veteran Crews
Riflemen Squad
Construct Weapon Support Center
Riflemen Squad
Infantry Support Center
Grenade Package
Construct Medical Station
M1918 Browning Automatic Rifles
Construct Weapon Support Center
Bazooka Squad
Bazooka Squad
Selects M31 Recovery Vehicle
Advanced Logistics
Selects War Machine
Selects Fast Deploy
Riflemen Squad
Improved M9 Bazooka Rockets
Riflemen Squad
Engineer Squad
Construct Tank Depot
Selects Seek and Destroy
Selects UNKNOWN (2160077)
M4A3E8 Sherman Easy Eight
Bazooka Squad
ConcernedApe
picklerinpickles
Carliber
andcrew
0
0

Comments sign in to comment!

No comments posted yet!